 Dungeon Crawl Stone Soup version 0.30.1-3-gfc49f6343a (webtiles) character file.

Game seed: 10703999299399998096

109 Descartes the Trooper (level 5, -8/41 (42) HPs)
             Began as a Formicid Chaos Knight on July 18, 2023.
             Was a Plaything of Xom.
             Mangled by Crazy Yiuf
             ... wielding a +4 quarterstaff of chaos
              (15 damage)
             ... on level 2 of the Dungeon.
             The game lasted 00:02:37 (1766 turns).

Descartes the Trooper (Formicid Chaos Knight)       Turns: 1766, Time: 00:02:37

HP:   -8/41 (42)    AC:  5    Str: 19    XL:     5   Next: 13%
MP:   0/5           EV: 11    Int: 11    God:    Xom [.*....]
Gold: 126           SH:  0    Dex: 13    Spells: 4/4 levels left

rFire   . . .        a - +0 hand axe (chaos)
rCold   . . .        (no shield)
rNeg    . . .        b - +2 leather armour
rPois   .            (helmet unavailable)
rElec   .            g - scarf {harm}
rCorr   .            (no gloves)
SInv    +            (no boots)
Will    .....        (no amulet)
Stlth   +            (no ring)
HPRegen 0.26/turn    (no ring)
MPRegen 0.09/turn

%: harm (+30% outgoing, +20% incoming)
@: lightly drained
A: permanent stasis, dig shafts and tunnels, antennae 3, four strong arms
a: Dig, Shaft Self, Renounce Religion


You were on level 2 of the Dungeon.
You worshipped Xom.
You were a plaything of Xom.
You visited 1 branch of the dungeon, and saw 2 of its levels.

You collected 126 gold pieces.

Inventory:

Hand Weapons
 a - a +0 hand axe of chaos (weapon)
 h - a +0 battleaxe
Armour
 b - a +2 leather armour (worn)
 g - a scarf of harm (worn)
Scrolls
 e - a scroll of teleportation {unknown}
 i - a scroll of enchant armour {unknown}
 k - a scroll of silence {unknown}
Potions
 d - 2 potions of attraction {unknown}
 f - a potion of lignification {unknown}
 j - a potion of might {unknown}
Miscellaneous
 c - a piece from Xom's chessboard (15/15) (quivered)


   Skills:
 + Level 4.0 Fighting
 + Level 3.5 Axes
 + Level 3.0 Armour
 - Level 0.8 Dodging
 + Level 2.3 Shields
 + Level 1.9 Evocations


You had 4 spell levels left.
You didn't know any spells.
Your spell library was empty.

Dungeon Overview and Level Annotations

Branches:
Dungeon (2/15)

Altars:

Annotations:
D:2 Crazy Yiuf


Innate Abilities, Weirdness & Mutations

You cannot be hasted, slowed, berserked, paralysed or teleported.
You can dig through walls and to a lower floor.
You have a pair of large antennae on your head. (SInv)
Your four strong arms can wield two-handed weapons with a shield.


Message History

You enter the shallow water.
Moving in this stuff is going to be slow.
You enter the shallow water.
Moving in this stuff is going to be slow.
You see here a rat corpse.
You enter the shallow water.
Moving in this stuff is going to be slow.
Found a hammer.
You see here a +0 hammer.
Found three hammers.
Found a runed translucent door.
You see here the +2 hammer of Contention {holy, SInv}.
You see here a +0 hammer.
Crazy Yiuf shouts!
You swap places.
You see here a +0 hammer.
You sense a monster nearby.
Unknown command.
You swap places.
You see here a +0 hammer.
As you open the door, it creaks loudly!
You hit Crazy Yiuf. You burn Crazy Yiuf.
Crazy Yiuf is lightly wounded.
Crazy Yiuf hits you with a +4 quarterstaff of chaos.
Crazy Yiuf freezes you.
You barely miss Crazy Yiuf.
Crazy Yiuf is lightly wounded.
Crazy Yiuf hits you with a +4 quarterstaff of chaos.
You feel drained.
You hit Crazy Yiuf.
Crazy Yiuf is heavily wounded.
Crazy Yiuf hits you with a +4 quarterstaff of chaos!
You feel your power leaking away.
You hit Crazy Yiuf. You burn Crazy Yiuf.
Crazy Yiuf is severely wounded.
Crazy Yiuf hits you with a +4 quarterstaff of chaos!
* * * LOW HITPOINT WARNING * * *
You hit Crazy Yiuf but do no damage.
Crazy Yiuf is severely wounded.
Crazy Yiuf hits you with a +4 quarterstaff of chaos!
You die...

#..# # #######..###
#...........
#######..### ##...##
#.....# ###
♣♣####...... #)).#♣♣
♣♣....#.##.#.
#...g@♣♣♣♣.....).##.#.
#...#♣Z.♣).......##.#.
### ♣♣♣)♣....##.##.#.
♣♣♣♣♣####.##.##
#..##.# ####.###[
####>##.###.##
#........##...
#.##.##..#####


You could see Crazy Yiuf (ally target) and a friendly bat zombie.

Vanquished Creatures
  Jessica (D:2)
  Robin (D:2)
  2 adders (D:2)
  4 bats
  2 endoplasms (D:1)
  2 giant cockroaches
  12 goblins
  7 hobgoblins
  6 jackals (D:1)
  A quokka (D:1)
  5 ball pythons
  A frilled lizard (D:2)
  3 kobolds (D:2)
47 creatures vanquished.

Vanquished Creatures (collateral kills)
  A rat (D:2)
1 creature vanquished.

Grand Total: 48 creatures vanquished

Notes
Turn   | Place    | Note
-------+----------+-------------------------------------------
     0 | D:1      | Descartes the Formicid Chaos Knight began the quest for the
                  | Orb.
     0 | D:1      | Reached XP level 1. HP: 18/18 MP: 1/1
    47 | D:1      | You fall into a shaft and drop 1 floor!
    90 | D:1      | Reached XP level 2. HP: 17/24 MP: 2/2
   165 | D:1      | Reached skill level 1 in Shields
   435 | D:1      | Reached skill level 1 in Evocations
   435 | D:1      | Reached XP level 3. HP: 25/29 MP: 3/3
   551 | D:1      | XOM: divination: detect creatures
  1134 | D:2      | Noticed Robin
  1247 | D:2      | Noticed Jessica
  1255 | D:2      | Killed Robin
  1256 | D:2      | Reached XP level 4. HP: 28/37 MP: 4/4
  1258 | D:2      | XOM: enchant monster (bad)
  1260 | D:2      | Killed Jessica
  1441 | D:2      | Reached XP level 5. HP: 41/42 MP: 5/5
  1536 | D:2      | Reached skill level 4 in Fighting
  1709 | D:2      | Found a faded altar of an unknown god.
  1753 | D:2      | Found a runed translucent door.
  1753 | D:2      | Identified the +2 hammer of Contention {holy, SInv}
  1754 | D:2      | Noticed Crazy Yiuf
  1766 | D:2      | Mangled by Crazy Yiuf

Illustrated notes

Levels and vault maps discovered:
D:1:      erik_arrival_cave_to_civilisation [erik_arrival_cave_to_hall],
          layout_basic
D:2:      layout_loops_ring, shapermc_ecumenical_altar_hornbeckon,
          kennysheep_another_room, minmay_misc_feat_doors, uniq_robin,
          uniq_crazy_yiuf_cottage, uniq_jessica

Skill      XL: |  1  2  3  4  5 |
---------------+----------------+-----
Shields        | 1 2 |  2.3
Evocations     | 1 |  1.9
Armour         | 3 |  3.0
Fighting       | 4 |  4.0
Axes           | |  3.5
Dodging        | |  0.8

Action                     |  1- 3 |  4- 6 || total
---------------------------+-------+-------++-------
  Melee: Hand axe          |    76 |    59 ||   135
 Armour: Leather armour    |    46 |    20 ||    66
  Dodge: Dodged            |    56 |    30 ||    86
